 Dungeon Crawl Stone Soup version 0.30-a0-364-gf6b3ef1049 (webtiles) character file.

Game seed: 17308194581160470304

31739 Kinoniko the Severer (level 13, -8/86 HPs)
             Began as a Demonspawn Berserker on Nov 15, 2022.
             Was an Elder of Trog.
             Mangled by a catoblepas (11 damage)
             ... while petrified by a catoblepas
             ... on level 5 of the Lair of Beasts.
             The game lasted 00:15:45 (15716 turns).

Kinoniko the Severer (Demonspawn Berserker)        Turns: 15716, Time: 00:15:46

Health: -8/86      AC: 25    Str: 23    XL:     13   Next: 27%
Magic:  0/22       EV:  2    Int:  9    God:    Trog [****..]
Gold:   933        SH:  0    Dex: 18    Spells: 12/12 levels left

rFire   . . .      SeeInvis .    S - +2 war axe (flame)
rCold   . . .      Faith    .    (no shield)
rNeg    + + +      Spirit   +    W - +2 chain mail {rPois}
rPois   ∞          Reflect  .    T - +0 helmet
rElec   .          Harm     .    K - +2 cloak
rCorr   .          Rampage  .    n - +0 pair of gloves
Will    .....                    J - +2 pair of boots
Stlth   ..........               C - amulet of guardian spirit
HPRegen 0.34/turn                A - ring of magical power
MPRegen 0.18/turn                k - +6 ring of dexterity

@: petrified, on berserk cooldown, slowed, invisible
A: thin metallic scales 2, demonic guardian 1, demonic magic 1, demonic touch 2
a: Renounce Religion, Berserk, Trog's Hand, Brothers in Arms


You were on level 5 of the Lair of Beasts.
You worshipped Trog.
Trog was greatly pleased with you.
You visited 2 branches of the dungeon, and saw 15 of its levels.
You also visited: Sewer and Bailey.

You collected 933 gold pieces.

Inventory:

Hand Weapons
 S - a +2 war axe of flaming (weapon)
Armour
 n - a +0 pair of gloves (worn)
 J - a +2 pair of boots (worn)
 K - a +2 cloak (worn)
 T - a +0 helmet (worn)
 W - a +2 chain mail of poison resistance (worn)
Jewellery
 h - a ring of positive energy
 k - a +6 ring of dexterity (right hand)
 q - an amulet of reflection
 A - a ring of magical power (left hand)
 B - a +6 ring of intelligence
 C - an amulet of guardian spirit (around neck)
 H - an amulet of magic regeneration
 Z - a ring of poison resistance
Wands
 l - a wand of paralysis (16)
 I - a wand of roots (7)
 R - a wand of quicksilver (1)
 Y - a wand of polymorph (3)
Scrolls
 a - a scroll of torment {unknown}
 c - 3 scrolls of vulnerability
 i - 3 scrolls of summoning
 m - 4 scrolls of magic mapping
 o - 2 scrolls of brand weapon
 p - 3 scrolls of teleportation
 y - a scroll of enchant weapon
 E - 2 scrolls of poison
 M - a scroll of fear
 O - 2 scrolls of blinking
 Q - 5 scrolls of butterflies
 U - 2 scrolls of enchant armour
Potions
 d - 6 potions of flight
 e - 2 potions of brilliance {unknown}
 g - 3 potions of invisibility
 j - 3 potions of curing
 r - 4 potions of heal wounds
 s - a potion of resistance {unknown}
 t - 3 potions of lignification
 u - 2 potions of attraction {unknown}
 w - 2 potions of might {unknown}
 x - a potion of haste {unknown}
 D - 3 potions of berserk rage {unknown}
 F - 9 potions of ambrosia
 G - a potion of degeneration {unknown}
 P - 2 potions of mutation {unknown}


   Skills:
 - Level 3.0 Fighting
 * Level 16.9 Axes
 + Level 9.1 Armour
 + Level 9.1 Dodging


You had 12 spell levels left.
You didn't know any spells.
Your spell library was empty.

Dungeon Overview and Level Annotations

Branches:
Dungeon (10/15)            Temple (0/1) D:7            Lair (5/5) D:10
  Swamp (0/4) Lair:3       Spider (0/4) Lair:3        Sewer (visited)
 Bailey (visited)
  Slime: Lair:4-5       Orc: D:9-12

Altars:
Cheibriados
Fedhas
Gozag
Hepliaklqana
Kikubaaqudgha
Makhleb
Nemelex Xobeh
Okawaru
Qazlal
Ru
Sif Muna
Wu Jian

Shops:
D:5 [

Annotations:
D:7 2 transporters, MacCMillion's ghost, novice DjHW
Lair:2 exclusion: orange crystal statue


Innate Abilities, Weirdness & Mutations

You are mostly covered in thin metallic scales. (AC +3)
A weak demonic guardian rushes to your aid.
Spells you cast may paralyse adjacent enemies.
Your touch may inflict irresistible damage on your foes.


Message History

You fade into invisibility!
Your limbs have turned to stone.
The yak is no longer petrified.
The water moccasin closely misses you.
The water moccasin bites you but does no damage.
The death yak gores you. The catoblepas barely misses you.
The water moccasin barely misses you. The death yak gores you!
The catoblepas gores you but does no damage.
The yak gores you but does no damage.
You have turned to stone.
The water moccasin bites you. The death yak gores you!
The yak gores you but does no damage.
The catoblepas gores you but does no damage.
The water moccasin bites you but does no damage.
The water moccasin bites you but does no damage.
The death yak gores you! The yak gores you but does no damage.
The catoblepas gores you but does no damage.
The water moccasin bites you. The catoblepas gores you!
The death yak gores you! The yak gores you.
The water moccasin barely misses you.
The water moccasin bites you but does no damage.
The death yak gores you!
* * * LOW HITPOINT WARNING * * *
The yak gores you.
* * * LOW HITPOINT WARNING * * *
The catoblepas barely misses you. The water moccasin bites you.
* * * LOW HITPOINT WARNING * * *
A demonic guardian appears!
The catoblepas gores you!
* * * LOW HITPOINT WARNING * * *
The death yak gores you but does no damage.
The yak barely misses you.
The water moccasin bites you but does no damage.
The death yak gores you but does no damage.
The catoblepas gores you!!
* * * LOW HITPOINT WARNING * * *
The yak gores you but does no damage.
The water moccasin bites you but does no damage.
The water moccasin bites you but does no damage.
The death yak gores you but does no damage.
The catoblepas gores you!!
You die... #.## ##.#.### #####.....P## #..?........# ##.......PPP. ######......P...P♣ ####...#.......P...♣ #.........♣♣5†S....♣. .........♣♣♣@Y...... .. ........♣♣ ♣YY..PP.P

... ...#....♣♣ ...~~....
..##.# ##....♣♣.P.~≈~P..
...# #.....♣♣..~~≈≈...
...# #.........~≈≈~...
...### ##P....P.P~≈~....
(..#.####......P..~~....
.....#.#...#...P...


You could see a death yak (unable to see you, ally target), a catoblepas (unable
to see you), a yak (unable to see you), a water moccasin (unable to see you) and
a friendly iron imp (summoned).

Vanquished Creatures
  Rupert (Lair:4)
  Nessos (Lair:3)
  4 hydras
  A skeletal warrior (D:9)
  A bog body (Lair:3)
  A lindwurm (Lair:2)
  3 ugly things
  3 elephants (Lair:2)
  2 cyclopes (D:9)
  A black mamba (Lair:1)
  Joseph (D:7)
  A gargoyle (D:8)
  A torpor snail (Lair:1)
  6 cane toads
  Maggie (D:10)
  3 rime drakes
  6 komodo dragons
  A hornet (D:10)
  A queen bee (Lair:2)
  A polar bear (Lair:5)
  A troll (D:10)
  A wolf spider simulacrum (D:10)
  7 dream sheep (Lair:2)
  A jumping spider (Lair:3)
  Eustachio (D:4)
  A vampire (D:9)
  A wraith (D:9)
  5 wyverns
  32 yaks
  A basilisk (D:9)
  A vampire mosquito (D:9)
  3 steam dragons
  A redback (Lair:3)
  2 acid dragons
  8 water moccasins
  An orc warrior (D:9)
  An ice beast (D:7)
  2 sky beasts
  2 black bears
  3 wolves (Lair:2)
  An ogre (D:5)
  3 centaurs
  A phantom (D:6)
  2 kobold brigands (D:9)
  8 bullfrogs
  2 scorpions (D:5)
  A necrophage (D:8)
  36 killer bees
  3 howler monkeys
  A lava snake (Lair:2)
  4 hounds
  Crazy Yiuf (D:7)
  A gnoll bouda (D:7)
  6 orc priests
  3 jellies
  2 iguanas
  6 orc wizards
  8 hell rats
  6 gnolls
  9 adders
  2 river rats
  A shadow imp (D:6)
  A white imp (D:5)
  An ufetubus (D:4)
  24 orcs
  6 ball pythons
  6 endoplasms
  2 giant cockroaches
  9 goblins
  2 hobgoblins (D:4)
  4 jackals
  8 quokkas
  4 bats
  4 frilled lizards
  14 kobolds
  13 rats
320 creatures vanquished.

Vanquished Creatures (collateral kills)
  Erica (D:9)
  A boulder beetle (D:9)
  A tengu warrior (D:9)
  A bog body (Lair:3)
  A cyclops (D:9)
  A yak (Lair:5)
  A killer bee (D:9)
  An orc (D:6)
  A goblin (D:2)
  A kobold (D:4)
10 creatures vanquished.

Vanquished Creatures (others)
  4 fungi
  12 plants
  A withered plant (D:7)
17 creatures vanquished.

Grand Total: 347 creatures vanquished

Notes
Turn   | Place    | Note
-------+----------+-------------------------------------------
     0 | D:1      | Kinoniko the Demonspawn Berserker began the quest for the
                  | Orb.
     0 | D:1      | Reached XP level 1. HP: 18/18 MP: 1/1
    44 | D:1      | Reached skill level 3 in Axes
   172 | D:1      | Gained mutation: Spells you cast may paralyse adjacent
                  | enemies. [demonic ancestry]
   172 | D:1      | Reached XP level 2. HP: 24/24 MP: 2/2
   827 | D:1      | Gained mutation: A weak demonic guardian rushes to your
                  | aid. [demonic ancestry]
   827 | D:1      | Reached XP level 3. HP: 11/29 MP: 3/3
  1107 | D:2      | Found a faded altar of an unknown god.
  1118 | D:2      | Reached ** piety under Trog
  1119 | D:2      | Reached skill level 4 in Axes
  1906 | D:3      | Reached XP level 4. HP: 23/35 MP: 4/4
  2097 | D:3      | Reached skill level 5 in Axes
  2101 | D:3      | HP: 2/52 [poisoned by an adder]
  2777 | D:4      | Reached XP level 5. HP: 23/41 MP: 5/5
  3185 | D:4      | Noticed Eustachio
  3204 | D:4      | Killed Eustachio
  3205 | D:4      | Reached skill level 6 in Axes
  3205 | D:4      | Gained mutation: Your touch may inflict minor irresistible
                  | damage on your foes. [demonic ancestry]
  3205 | D:4      | Reached XP level 6. HP: 42/47 MP: 6/6
  3358 | D:4      | Found a snail-covered altar of Cheibriados.
  3358 | D:4      | Found an ornate altar of the Wu Jian Council.
  3754 | D:5      | Entered Level 5 of the Dungeon
  3798 | D:5      | Found a glowing drain.
  3817 | Sewer    | Entered a sewer
  4004 | Sewer    | Reached skill level 7 in Axes
  4230 | D:5      | Gained mutation: Your touch may inflict irresistible damage
                  | on your foes. [demonic ancestry]
  4230 | D:5      | Reached XP level 7. HP: 51/52 MP: 7/7
  4275 | D:5      | Found Hoxod's Armour Boutique.
  4507 | D:5      | Reached skill level 8 in Axes
  4673 | D:5      | Reached *** piety under Trog
  5002 | D:5      | Found a burning altar of Makhleb.
  5341 | D:6      | Reached skill level 9 in Axes
  5341 | D:6      | Gained mutation: You are partially covered in thin metallic
                  | scales. (AC +2) [demonic ancestry]
  5341 | D:6      | Reached XP level 8. HP: 43/58 MP: 8/8
  6159 | D:7      | Reached skill level 10 in Axes
  6221 | D:7      | Found a staircase to the Ecumenical Temple.
  6345 | D:7      | Noticed Joseph
  6359 | D:7      | Killed Joseph
  6360 | D:7      | Reached skill level 11 in Axes
  6360 | D:7      | Reached XP level 9. HP: 31/63 MP: 9/9
  6498 | D:7      | Found a transporter.
  6513 | D:7      | Noticed a boulder beetle
  6587 | D:7      | Found an ancient bone altar of Kikubaaqudgha.
  6705 | D:7      | Noticed a red ugly thing
  6717 | D:7      | Killed a red ugly thing
  6718 | D:7      | Reached skill level 12 in Axes
  6962 | D:7      | Found a transporter.
  7051 | D:7      | Noticed MacCMillion's ghost (novice DjHW)
  7086 | D:7      | Found a runed translucent door.
  7087 | D:7      | Noticed Crazy Yiuf
  7239 | D:7      | Killed Crazy Yiuf
  7309 | D:8      | Noticed a gargoyle
  7319 | D:8      | Killed a gargoyle
  8081 | D:8      | Found an opulent altar of Gozag.
  8186 | D:8      | Found an iron altar of Okawaru.
  8196 | D:8      | Reached XP level 10. HP: 66/70 MP: 10/10
  8220 | D:8      | Reached **** piety under Trog
  8228 | D:8      | Reached skill level 13 in Axes
  8260 | D:8      | Found a blossoming altar of Fedhas.
  8260 | D:8      | Found a sparkling altar of Nemelex Xobeh.
  8263 | D:8      | Found a hazy altar of Hepliaklqana.
  8264 | D:8      | Found a stormy altar of Qazlal.
  8381 | D:9      | Found a sacrificial altar of Ru.
  8588 | D:9      | Noticed a cyclops
  8588 | D:9      | Noticed a tengu warrior
  8588 | D:9      | Noticed a cyclops
  8588 | D:9      | Noticed a purple ugly thing
  8588 | D:9      | Noticed a brown ugly thing
  8588 | D:9      | Noticed a boulder beetle
  8588 | D:9      | Noticed a cyclops
  8589 | D:9      | Noticed a skeletal warrior
  8602 | D:9      | Killed a brown ugly thing
  8607 | D:9      | Killed a boulder beetle
  8608 | D:9      | Reached skill level 5 in Armour
  8608 | D:9      | Reached skill level 5 in Dodging
  8610 | D:9      | Killed a purple ugly thing
  8618 | D:9      | Killed a cyclops
  8628 | D:9      | Killed a tengu warrior
  8629 | D:9      | Reached skill level 14 in Axes
  8629 | D:9      | Gained mutation: You are mostly covered in thin metallic
                  | scales. (AC +3) [demonic ancestry]
  8629 | D:9      | Reached XP level 11. HP: 37/75 MP: 9/11
  8809 | D:9      | Noticed Erica
  8830 | D:9      | Killed Erica
  9004 | D:9      | Killed a skeletal warrior
  9134 | D:9      | Found a shimmering blue altar of Sif Muna.
  9807 | D:10     | Entered Level 10 of the Dungeon
 10059 | D:10     | Found a flagged portal.
 10073 | Bailey   | Entered a bailey
 10152 | D:10     | Noticed Maggie
 10173 | D:10     | Killed Maggie
 10638 | D:10     | Paralysed by a hornet for 3 turns
 10751 | D:10     | Found a staircase to the Lair.
 10757 | Lair:1   | Entered Level 1 of the Lair of Beasts
 10882 | Lair:1   | Reached skill level 15 in Axes
 11114 | Lair:1   | Reached XP level 12. HP: 51/81 MP: 8/12
 12701 | Lair:2   | Found a dark tunnel.
 12730 | Lair:2   | Reached skill level 16 in Axes
 13589 | Lair:3   | Found a staircase to the Swamp.
 13816 | Lair:3   | Noticed Nessos
 13828 | Lair:3   | Killed Nessos
 14181 | Lair:3   | Found a hole to the Spider Nest.
 14434 | Lair:4   | Noticed a seven-headed hydra
 14439 | Lair:4   | Killed a four-headed hydra
 14439 | Lair:4   | Reached ***** piety under Trog
 14721 | Lair:4   | Noticed Rupert
 14724 | Lair:4   | Paralysed by Rupert for 2 turns
 14733 | Lair:4   | Killed Rupert
 14734 | Lair:4   | Reached XP level 13. HP: 86/86 MP: 13/13
 15411 | Lair:5   | Entered Level 5 of the Lair of Beasts
 15715 | Lair:5   | HP: 3/86 [catoblepas (9)]
 15716 | Lair:5   | Mangled by a catoblepas

Illustrated notes

Levels and vault maps discovered:
D:1:      dpeg_arrival_water_temple_mockup, layout_basic, minmay_tromino_v7
D:2:      layout_basic, ebering_ecumenical_altar_mist
D:3:      layout_basic, minmay_vboxes
D:4:      layout_basic, gammafunk_temple_overflow_forgotten, minivault_25,
          minmay_manual_macuahuitl, uniq_eustachio
D:5:      layout_loops_corners, lemuel_round_altar,
          cheibrodos_sewer_entry_sluice, serial_shops, shop_fountains
D:6:      layout_basic, grunt_ministairs_8
D:7:      layout_cave_pods, nicolae_tso_swordbearing_angel,
          kiku_gazebo_garden_becter, minmay_temple_entry_statues_fountains,
          nzn_ghost_randoct, uniq_joseph, uniq_crazy_yiuf_cottage
D:8:      layout_basic, minitemple,
          nicolae_gozag_cash_rules_everything_around_me
D:9:      layout_stronghold, nicolae_sif_muna_little_library,
          old_standard_altar, minivault_28, uniq_erica
D:10:     layout_gridville, lair_entry_dummy, enter_bailey_3,
          kennysheep_another_room, uniq_maggie
Lair:1:   layout_loops_ring, small_statue_intersection
Lair:2:   layout_roguey [special_room_bee], nicolae_volcano_entry_vermiform,
          disabler_island
Lair:3:   layout_cellular_growth, skrybe_swamp_entry_bodies,
          spider_nest_entry_funnel_web, grunt_megastairs_3, uniq_nessos
Lair:4:   layout_long_grid, serial_bayou_shore_b, uniq_rupert
Lair:5:   minmay_lair_end_enchanted_forest, layout_concentric_octagons,
          minmay_slime_entry_oklob_open, nicolae_lair_lil_pond,
          nicolae_lair_yak_garden, lemuel_fruit_tree

Skill      XL: |  1  2  3  4  5  6  7  8  9 10 11 12 13 |
---------------+----------------------------------------+-----
Axes           | 3 4 5 6 7 9 11 12 14 15 16 | 16.9
Armour         | 3 5 7 8 9 |  9.1
Dodging        | 3 5 7 8 9 |  9.1
Fighting       | |  3.0

Action                   |  1- 3 |  4- 6 |  7- 9 | 10-12 | 13-15 || total
-------------------------+-------+-------+-------+-------+-------++-------
Melee: Hand axe          |   107 |   143 |   249 |   201 |       ||   700
       Punch             |       |     3 |     5 |    13 |     1 ||    22
       Touch             |       |     7 |    53 |   123 |    17 ||   200
       War axe           |       |       |       |   331 |    50 ||   381
Invok: Berserk           |     1 |     3 |     5 |    13 |     1 ||    23
       Brothers in Arms  |       |       |       |     2 |       ||     2
       Trog's Hand       |       |       |       |     1 |       ||     1
Evoke: Wand              |       |       |       |     4 |       ||     4
  Use: Potion            |       |     1 |       |     1 |     1 ||     3
       Scroll            |       |    11 |     2 |     9 |     3 ||    25
 Stab: Sleeping          |     4 |     2 |     1 |       |       ||     7
       Distracted        |       |     1 |       |     1 |     1 ||     3
       Invisible         |       |       |       |     1 |       ||     1
       Petrified         |       |       |       |       |     1 ||     1
Armor: Animal skin       |    20 |     5 |       |       |       ||    25
       Leather armour    |       |    20 |    66 |       |       ||    86
       Ring mail         |       |     2 |       |       |       ||     2
       Acid dragon scale |       |       |     5 |   196 |       ||   201
       Chain mail        |       |       |       |       |    70 ||    70
Dodge: Dodged            |    65 |    84 |    98 |   324 |    36 ||   607
Block: Other             |       |    20 |       |       |       ||    20

Table legend: (Time is in decaauts)
 A = Elapsed time spent in this place.
 B = Non-inter-level travel time spent in this place.
 C = Inter-level travel time spent in this place.
 D = Time resting spent in this place.
 E = Time spent auto-exploring this place.
 F = Levels seen in this place.
 G = Mean time per level.
                   A        B        C        D        E       F      G
               +--------+--------+--------+--------+--------+-----+--------+
         Total |  15752 |  15165 |    587 |   2003 |  11062 |  17 |  926.6 |
       Dungeon |  10561 |  10126 |    435 |   1144 |   7659 |  10 | 1056.1 |
          Lair |   4935 |   4783 |    152 |    752 |   3322 |   5 |  987.0 |
         Sewer |    252 |    252 |      0 |    106 |     80 |   1 |  252.0 |
        Bailey |      2 |      2 |      0 |      0 |      0 |   1 |    2.0 |
               +--------+--------+--------+--------+--------+-----+--------+

Top non-repeatable levels by time:
     D:9: 1423 daAuts
  Lair:2: 1311 daAuts
  Lair:1: 1302 daAuts
     D:7: 1231 daAuts
     D:5: 1099 daAuts
     D:8: 1079 daAuts
     D:1: 1072 daAuts
     D:4: 1055 daAuts
  Lair:3: 1049 daAuts
  Lair:4: 976 daAuts
     D:6: 972 daAuts
     D:3: 968 daAuts
    D:10: 950 daAuts
     D:2: 706 daAuts
  Lair:5: 296 daAuts
